Workbook

Sheet Process to prepare
A1: Every unit must prepare accounts
T2: Tab Colours
A6: During the year
A16: The accounts pages
L31: ·
B44: * - You are looking after someone elses money and have a duty to care of it and accounts for what upi have done with it

Sheet Receipts and payments account
A1: Receipts and Payments Account
A3: For the Year ended | B3: =IF('DATA INPUT'!C11>0,'DATA INPUT'!C11," ") -> 30.06.2026 | H3: Manual input required (if applicable)
A4: Unit name | B4: =IF('DATA INPUT'!C7>0,'DATA INPUT'!C7," ") -> 1st Kemnay Rainbows
A5: Charity Number | B5: =IF('DATA INPUT'!C9>0,'DATA INPUT'!C9," ") -> SCO 34410
B7: ='DATA INPUT'!C15 -> 2026 | D7: ='DATA INPUT'!C16 -> 2025
A8: Receipts
A9: Membership Subscriptions | B9: ='INCOME (Receipts)'!F125 -> 3202.5 | D9: 3232.86
A10: Donations received | B10: ='INCOME (Receipts)'!G125 -> 0 | D10: 0
A11: Unit Fundraising | B11: ='INCOME (Receipts)'!H125 -> 0 | D11: 75
A12: 3rd Party Fundraising | B12: ='INCOME (Receipts)'!I125 -> 10 | D12: 0 | F12: See notes on "Instructions" tab
A13: Bank Interest | B13: ='INCOME (Receipts)'!J125 -> 0 | D13: 0
A14: Gift Aid | B14: ='INCOME (Receipts)'!K125 -> 0 | D14: 377.08
A15: Trips | B15: ='INCOME (Receipts)'!L125 -> 500 | D15: 520
A16: Grants received | B16: ='INCOME (Receipts)'!M125 -> 0 | D16: 0
A17: Residential events | B17: ='INCOME (Receipts)'!N125 -> 0 | D17: 0
A18: Miscellaneous Income | B18: ='INCOME (Receipts)'!O125 -> 29 | D18: 2
A19: Total Receipts | B19: =SUM(B9:B18) -> 3741.5 | D19: =SUM(D9:D18) -> 4206.94
A21: Payments
A22: Fundraising expenses
A23: Unit fundraising | B23: ='EXPENDITURE (Payments)'!F8 -> 0 | D23: 75
A24: 3rd Party Fundraising/Donation | B24: ='EXPENDITURE (Payments)'!G8 -> 0 | D24: 0 | F24: See notes on "Instructions" tab
A26: Payments for charitable activities
A27: Subscriptions | B27: ='EXPENDITURE (Payments)'!H8 -> 1620 | D27: 1881
A28: Meeting expenses | B28: ='EXPENDITURE (Payments)'!I8 -> 0 | D28: 110
A29: Property costs/rent | B29: ='EXPENDITURE (Payments)'!J8 -> 266.22 | D29: 309.28
A30: Trips | B30: ='EXPENDITURE (Payments)'!K8 -> 621.5 | D30: 735.62
A31: Residential events | B31: ='EXPENDITURE (Payments)'!L8 -> 0 | D31: 0
A32: Admin/Postage & Stationery | B32: ='EXPENDITURE (Payments)'!M8 -> 0 | D32: 0
A33: Training | B33: ='EXPENDITURE (Payments)'!N8 -> 0 | D33: 0
A34: Badges & Resources | B34: ='EXPENDITURE (Payments)'!O8 -> 601.6 | D34: 425.94
A35: Miscellaneous Expenditure | B35: ='EXPENDITURE (Payments)'!P8 -> 19 | D35: 0
A36: Total Payments | B36: =SUM(B23:B35) -> 3128.32 | D36: =SUM(D23:D35) -> 3536.84
A38: Surplus/(Deficit) for year | B38: =SUM(B19-B36) -> 613.18 | D38: =SUM(D19-D36) -> 670.1

Sheet Statement of balances
A1: Statement of balances | G1: Manual input required (if applicable)
A3: For the year ended | B3: =IF('DATA INPUT'!C11>0,'DATA INPUT'!C11," ") -> 30.06.2026
A4: Unit Name | B4: =IF('DATA INPUT'!C7>0,'DATA INPUT'!C7," ") -> 1st Kemnay Rainbows
A5: Charity Number | B5: =IF('DATA INPUT'!C9>0,'DATA INPUT'!C9," ") -> SCO 34410
B7: ='DATA INPUT'!C15 -> 2026 | D7: ='DATA INPUT'!C16 -> 2025
A8: Opening Balances
A9: Cash | B9: =IF('DATA INPUT'!C12="N",'Statement of balances'!D17,0) -> 0 | D9: 0
A10: Bank | B10: 3262.01 | D10: 2591.91
A12: Surplus/(Deficit) for year | B12: ='Receipts and payments account'!B38 -> 613.18 | D12: ='Receipts and payments account'!D38 -> 670.1
A13: Total | B13: =SUM(B9+B10+B12) -> 3875.19 | D13: =SUM(D9+D10+D12) -> 3262.01
A16: Closing Balances
A17: Cash | B17: =B9+'INCOME (Receipts)'!P3-'EXPENDITURE (Payments)'!Q4+'Paying into bank'!H3-'Paying into bank'!G3 -> 0 | D17: 0
A18: Bank | B18: 3875.1 | D18: 3262.01
A19: less outstanding cheques | B19: 0 | D19: 0
A20: Total | B20: =SUM(B17+B18-B19) -> 3875.1 | D20: =SUM(D17+D18-D19) -> 3262.01
A22: Assets & Liabilities:
A23: In addition to the above cash & bank balances, the unit has equipment to the value of: | D23: 0
A25: Prepared by (signature): | B25: =IF(B27>0,B27," ") -> Katherine Glass
B27: =IF('DATA INPUT'!C49>0,'DATA INPUT'!C49," ") -> Katherine Glass | D27: =IF('DATA INPUT'!C51>0,'DATA INPUT'!C51," ") -> Unit Leader
A29: Date: | B29: =IF('DATA INPUT'!C48>0,'DATA INPUT'!C48," ") -> 46252

Sheet Trustees annual report
A1: Trustees' Annual Report
A3: For year ended | B3: =IF('DATA INPUT'!C11>0,'DATA INPUT'!C11," ") -> 30.06.2026
A5: Charity (Unit) Name | B5: =IF('DATA INPUT'!C7>0,'DATA INPUT'!C7," ") -> 1st Kemnay Rainbows
A7: Charity Number | B7: =IF('DATA INPUT'!C9>0,'DATA INPUT'!C9," ") -> SCO 34410
A9: District | B9: =IF('DATA INPUT'!C18>0,'DATA INPUT'!C18," ") -> Midmill
A10: Division | B10: =IF('DATA INPUT'!C20>0,'DATA INPUT'!C20," ") -> Gordon
A12: Charity Trustees | B12: =IF('DATA INPUT'!B23=0," ",'DATA INPUT'!B23) -> Unit leader | C12: =IF('DATA INPUT'!C23=0," ",'DATA INPUT'!C23) -> Catriona Penman
B13: =IF('DATA INPUT'!B24=0," ",'DATA INPUT'!B24) -> Unit leader | C13: =IF('DATA INPUT'!C24=0," ",'DATA INPUT'!C24) -> Katherine Glass
B14: =IF('DATA INPUT'!B25=0," ",'DATA INPUT'!B25) -> Unit leader | C14: =IF('DATA INPUT'!C25=0," ",'DATA INPUT'!C25) -> Karen Gould
B15: =IF('DATA INPUT'!B26=0," ",'DATA INPUT'!B26) | C15: =IF('DATA INPUT'!C26=0," ",'DATA INPUT'!C26)
B16: =IF('DATA INPUT'!B27=0," ",'DATA INPUT'!B27) | C16: =IF('DATA INPUT'!C27=0," ",'DATA INPUT'!C27)
A18: Charity Address | B18: =IF('DATA INPUT'!C29>0,'DATA INPUT'!C29," ") -> 12 St Thomas
B19: =IF('DATA INPUT'!C30>0,'DATA INPUT'!C30," ") -> Monymusk
B20: =IF('DATA INPUT'!C31>0,'DATA INPUT'!C31," ") -> AB517HQ
B21: =IF('DATA INPUT'!C32>0,'DATA INPUT'!C32," ")
A24: The above charity (unit) is an unincorporated association. It has no written constitution, but operates in accordance with the policies and procedures published by Girlguiding, the operating name of the Guide Association.
A26: Its trustees are the volunteer adult leaders trained and appointed as per the Girlguiding policies and procedures. Updated training is available throughout the year.
A28: ="The charity's aim is to deliver a programme of informal education in accordance with the ethos and principles of Girlguiding. During the above period the charity provided this programme to "&'DATA INPUT'!C41 &" girls." -> The charity's aim is to deliver a programme of informal education in accordance with the ethos and principles of Girlguiding. During the above period the charity provided this programme to 24-28 girls.
A30: =IF('DATA INPUT'!C43="yes",'DATA INPUT'!A46," ")
A32: During the year the trustees did not receive any remuneration.
A34: Signed on behalf of the trustees by
A36: =IF(B41>0,B41," ") -> Katherine Glass
A37: ____________________________ | E37: =IF('DATA INPUT'!C48>0,'DATA INPUT'!C48," ") -> 46252
A38: Signature | E38: Date:
A41: Name: | B41: =IF('DATA INPUT'!C49>0,'DATA INPUT'!C49," ") -> Katherine Glass

Sheet Independent examiner's report
A1: Independent examiner's report
A2: For the year ended | C2: =IF('DATA INPUT'!C11>0,'DATA INPUT'!C11," ") -> 30.06.2026
A3: For | C3: =IF('DATA INPUT'!C7>0,'DATA INPUT'!C7," ") -> 1st Kemnay Rainbows
A4: Charity number | C4: =IF('DATA INPUT'!C9>0,'DATA INPUT'!C9," ") -> SCO 34410
A6: Respective responsibilities of trustees and examiner
A7: The charity’s trustees are responsible for the preparation of the accounts in accordance with the terms of the Charities and Trustee Investment (Scotland) 2005 Act and the Charities Accounts (Scotland) Regulations 2006. The charity trustees consider that the audit requirement of Regulation 10(1) (a) to (c) of the Accounts Regulations does not apply. It is my responsibility to examine the accounts as required under section 44(1) (c) of the Act and to state whether particular matters have come to my attention.
A9: Basis of Independent Examiners Statement
A10: My examination is carried out in accordance with Regulation 11 of the Charities Accounts (Scotland) Regulations 2006. An examination includes a review of the accounting records kept by the charity and a comparison of the accounts presented with those records. It also includes consideration of any unusual items or disclosures in the accounts and seeks explanations from the trustees concerning any such matters. The procedures undertaken do not provide all the evidence that would be required in an audit and, consequently, I do not express an audit opinion on the accounts.
A12: Independent Examiners Statement
A13: In the course of my examination, no matter has come to my attention
A15: 1 | B15: which gives me reasonable cause to believe that in any material respect the requirements:
A16: • | B16: to keep accounting records in accordance with section 44(1) (a) of the 2005 Act and Regulation 4 of the 2006 Accounts Regulations, and
A17: • | B17: to prepare accounts which accord with the accounting records and comply with Regulation 9 of the 2006 Accounts Regulations
A19: have not been met, or
A21: 2 | B21: to which, in my opinion, attention should be drawn in order to enable a proper understanding of the accounts to be reached.
B23: =IF(C29>0,C29," ") -> Rodrigo Aspe
A25: ____________________________
A26: Signature | G26: Date | H26: =IF('DATA INPUT'!C48>0,'DATA INPUT'!C48," ") -> 46252
A29: Name: | C29: =IF('DATA INPUT'!C34>0,'DATA INPUT'!C34," ") -> Rodrigo Aspe
A31: Address: | C31: =IF('DATA INPUT'!C36>0,'DATA INPUT'!C36," ") -> 107 Craigton Road
C32: =IF('DATA INPUT'!C37>0,'DATA INPUT'!C37," ") -> Aberdeen
C33: =IF('DATA INPUT'!C38>0,'DATA INPUT'!C38," ") -> AB157YT
C34: =IF('DATA INPUT'!C39>0,'DATA INPUT'!C39," ")

Sheet CONTENTS
A1: Contents
A3: Information tabs - to help complete process and accounts
A4: Accounts Process
A5: Instructions
A7: To be completed during the year
A8: Data Input
A9: Income (Receipts)
A10: Expenditure (Payments)
A12: Accounts Pages (to be printed off as end of year accounts once completed)
A13: Receipts and payments account
A14: Statement of Balances
A15: Trustees annual report
A16: Independent examiners report

Sheet Accounts Process
A1: Accounts process for units
A3: · Every unit must prepare accounts - whether the unit is registered with OSCR or not
A4: · You are looking after someone else's money, and have a duty to take care of it and account for what you have done with it
A5: · For units that are registered charities, please note that the accounts submitted as part of your annual return, will be published unredacted on the OSCR website. This means that all of the information on the green tabs will be viewable. Please make sure you do not include any additional or unnecessary information.
D32: Once accounts are finalised
L69: ·

Sheet Instructions
A1: Instructions
A3: DATA INPUT | B3: Information entered into the data input sheet will automatically be pulled through to the other sheets as required
A4: General data | B4: Enter unit information: name, year end date etc in blue boxes only.
A5: Is this the first set of accounts that has been prepared for this unit? | B5: N is automatically selected. If this is the first year of the unit operating select Y from the drop down option.
A6: For units that are registered charities | B6: Enter your charity number. This will start with SC0…. If the unit is not a registered charity, please leave this blank.
A7: Number of girls programme delivered to | B7: Add the number of girls your unit has delivered to during the year, this means the number of individual girls who have been members of the unit throughout the year (not necessarily at the same time)
A8: If accounts are significantly different from the previous year | B8: If your accounts are similar to the previous years - make sure "no" is showing. If they are significantly different, i.e. the unit's income and/or expenditure is significantly higher or lower then the previous year make sure the box states "yes" and add in short description of the differences (e.g. fundraising was undertaken, or an international trip was arranged).
A10: INCOME (Receipts)
A11: Starting in the first row in the table, add in your transaction details as follows:
A12: Date | B12: The date of the transaction
A13: Received from | B13: Who money has been received from
A14: Bank / Cash | B14: Select from the drop down whether the amount was in cash or was received into the bank account (e.g. cheque, bank transfer). If your unit receives cash, but this is paid into the bank account (i.e. not spent out as cash), it should be recorded as bank.
A15: Method | B15: In this column record more specifically how the money was received (i.e. cheque, cash, bank transfer)
A16: Reference | B16: This is an additional column so you can record any additional information relevant to this transaction for yourself (e.g. Subs payment 1 of 3)
A17: Columns F to O | B17: These columns are for the amount of money received and what it is for
B18: e.g. £30 received for membership subscriptions would go in column F or £5 received for trip would go in column L
A19: Total | B19: Do not type in here - this has a formula and will add up the total of the row (which should equal the amount received)
A20: Running total column | B20: At the right hand side of the sheet there is a column titled - Running total. This column will show you the running total of money received as cash, and into the bank.
A22: EXPENDITURE (Payments)
A23: Starting in the first row in the table, add in your transaction details as follows:
A24: Date | B24: The date of the transaction
A25: Payee | B25: Who money has been paid to e.g. "Church - Hall Rent"
A26: Bank / Cash | B26: In this column select from the dropdown menu whether the amount paid was in cash or by bank payment (this would include payment by cheque). This can't be left blank. If your unit does not use cash for expenditure (and pays any cash received into the bank) all payments should be categorised as bank.
A27: Method | B27: In this column record the payment type i.e. if it's a bank payment / cash / cheque / transfer
A28: Reference | B28: This is an additional column so you can record any additional information relevant to this transaction for yourself (e.g. Cheque number 0110542 - Thinking Day badges)
A29: Columns F to P | B29: These columns are for the amount of the payment and what it is for
B30: e.g. £110 paid for hall rent would go in column J or £7 in paid for stamps would go in column M
A31: Total | B31: Do not type in here - this has a formula and will add up the total of the row (this should equal the amount paid)
A32: Running total column | B32: At the right hand side of the sheet there is a column titled - Running total. This column will show you the running total of money spent out as cash, and bank payment.
A34: 3rd party fundraising
A35: (Column I in Income and Column G in Expenditure)
A36: Example: Holding a coffee morning for another charity
H37: Column I on Income tab | J37: Column G on Expenditure tab
H38: Income | J38: Expenditure
B40: Amount made from coffee morning | H40: 43.5
B41: Costs of coffee morning (tea, coffee, milk, biscuits) | J41: 5.5
B42: Paid to another charity | J42: 38
G43: Total: | H43: =SUM(H40:H42) -> 43.5 | J43: =SUM(J40:J42) -> 43.5
H44: These values must be the same
A46: How this looks in the receipts and payments tab (information will pull through automatically)
A67: Paying into bank
A69: You only need to use this tab if you spend out cash. If any cash received is paid into the bank and all expenditure is via cheque, bank transfer or debit card payment you do not need to add anything to this tab.
A71: On the left there is a box to fill in details of cash paid into the bank.
A72: Date | B72: Enter the date that the deposit was made to the bank
A73: Pay-in slip reference | B73: Enter the pay-in slip reference
A74: Details | B74: Enter any additional information you require (such as what the cash was collected for)
A75: Amount (£) | B75: Enter the amount of the deposit
A76: You don't need to do a separate pay in for each amount of cash received. Just for each deposit. i.e. if you received subs in cash from 6 girls of £50 each and deposited all of the cash at the same time, you would just show 1 deposit of £300.
A78: On the right there is a box to fill in details of cash withdrawn from the bank.
A79: Date | B79: Enter the date that the withdrawal was made
A80: Details | B80: Enter in any additional information you require (such as what the cash was to be used for)
A81: Amount (£) | B81: Enter the amount of cash withdrawn
A82: The information at the top right will populate automatically, nothing needs to be manually entered here.
A84: RECEIPTS AND PAYMENTS ACCOUNT
A85: Current year | B85: Do not enter anything into this column as information pulls direct from the income, expenditure and data input tabs.
A86: Previous year's figures | B86: These need to be manually input in the blue boxes in column D from the previous years accounts or left blank if this is the unit's first set of accounts.
A88: STATEMENT OF BALANCES
A90: Current year | B90: You do not need to enter any information for the current year. This information pulls directly from the income, expenditure, data input tabs
A92: IMPORTANT The opening cash and bank balances are taken from the figures entered for the previous year so make sure these are correct otherwise your current year won't balance !
A93: The figures for the closing bank (in cell B18) and cash (in cell B17) balances are automatically calculated and should be checked against the bank statement at the year end and the physical cash balance respectively.
A95: Previous year's figures | B95: These need to be manually input in column D from the previous years accounts or left blank if this is the unit's first set of accounts.
A97: TRUSTEES' ANNUAL REPORT
A99: All of the required information for this report will automatically be pulled through from the data input tab.
A101: INDEPENDENT EXAMINERS REPORT
A102: All of the required information (inlcuding a typed signature) for this report will automatically be pulled through from the data input tab.
A103: The details of the independent examiner should not be added until they have confirmed that they are happy to sign off the independent examiner's report.

Sheet 3rd party fund
A1: 3rd party fundraising - notes
A3: EXAMPLE - Holding a coffee morning for another charity
B5: Column I on Income tab | D5: Column J on Expenditure tab
B7: Income | D7: Expenditure
A9: Amount made from coffee morning | B9: 43.5
A10: Ingredients for cake sale (e.g tea / coffee / biscuits) | D10: 5.5
A11: Paid to another charity | D11: 38
B13: =SUM(B9:B12) -> 43.5 | D13: =SUM(D9:D12) -> 43.5
B14: These values must be the same
A16: How this look and pulls through to the accounts

Sheet DATA INPUT
A1: Data Required for Unit Accounts
A3: Please complete all grey boxes below (this information will filter through to the accounts) | F3: Income | G3: Expenditure | H3: State of R&P | I3: State of bal | J3: Trustees | K3: IE Report
A7: Unit Name | C7: 1st Kemnay Rainbows | F7: P | G7: P | H7: P | I7: P | J7: P | K7: P
A9: Charity Number | B9: (if applicable) | C9: SCO 34410 | F9: P | G9: P | H9: P | I9: P | J9: P | K9: P
A11: Year End Date | B11: Enter in this format: 31.12.2025 | C11: 30.06.2026 | F11: P | G11: P | H11: P | I11: P | J11: P | K11: P
B12: Is this the first set of accounts that has been prepared for this unit? (Y or N) | C12: N
A15: Current year | B15: No need to enter | C15: 2026 | H15: P | I15: P
A16: Prior year | B16: No need to enter | C16: =C15-1 -> 2025 | H16: P | I16: P
A18: District | B18: (if applicable) | C18: Midmill | J18: P
A20: Division | B20: (if applicable) | C20: Gordon | J20: P
A22: Charity trustees | B22: Role | C22: Name
B23: Unit leader | C23: Catriona Penman | J23: P
B24: Unit leader | C24: Katherine Glass | J24: P
B25: Unit leader | C25: Karen Gould | J25: P
J26: P
J27: P
A29: Address | C29: 12 St Thomas | J29: P
C30: Monymusk | J30: P
C31: AB517HQ | J31: P
J32: P
A34: Independent examiner | C34: Rodrigo Aspe | K34: P
A36: Independent examiner | B36: Address | C36: 107 Craigton Road | K36: P
C37: Aberdeen | K37: P
C38: AB157YT | K38: P
K39: P
A41: Number of girls programme delivered to | C41: 24-28
A43: Do the accounts differ significantly from previous year ? (YES / NO) | C43: No
A45: If "YES" please add explanation below
A46: If the accounts for the year differ substantially from those of the previous year, add in a short explanation as to why (for example, a trip or large camp).
A48: Date of signing | B48: day/month/year | C48: 46252
A49: Name of person signing accounts | C49: Katherine Glass
C50: Person three
A51: Role | C51: Unit Leader

Sheet Data sheet
A1: Type
A3: Bank | D3: Y
A4: Cash | D4: N
A7: Template

Sheet INCOME (Receipts)
A1: INCOME (Receipts)
O2: Bank | P2: =SUMIF($C$10:$C$96,O2,$P$10:$P$96) -> 3273
A3: Unit: | B3: =IF('DATA INPUT'!C7>0,'DATA INPUT'!C7," ") -> 1st Kemnay Rainbows | O3: Cash | P3: =SUMIF($C$10:$C$96,O3,$P$10:$P$96) -> 0
A4: Charity number: | B4: =IF('DATA INPUT'!C9>0,'DATA INPUT'!C9," ") -> SCO 34410 | P4: =SUM(P2:P3) -> 3273
A5: Year end date: | B5: =IF('DATA INPUT'!C11>0,'DATA INPUT'!C11," ") -> 30.06.2026
C7: This is drop down | F7: Enter the amount recieved in one of these columns (that best describes what the money is for) | Q7: Running total
A8: Date | B8: Received from | C8: Bank / Cash | D8: Method | E8: Reference | F8: Membership subscriptions | G8: Donations received | H8: Unit fundraising | I8: 3rd Party fundraising | J8: Bank interest | K8: Gift aid | L8: Trips | M8: Grants received | N8: Residential trips | O8: Miscellaneous | P8: TOTAL | Q8: Bank | R8: Cash
F9: =SUM(F10:F96) -> 2835 | G9: =SUM(G10:G96) -> 0 | H9: =SUM(H10:H96) -> 0 | I9: =SUM(I10:I96) -> 10 | J9: =SUM(J10:J96) -> 0 | K9: =SUM(K10:K96) -> 0 | L9: =SUM(L10:L96) -> 405 | M9: =SUM(M10:M96) -> 0 | ... O9: =SUM(O10:O96) -> 23 | P9: =SUM(F9:O9) -> 3273
A10: 45840 | B10: Hazel McAllister | C10: Bank | F10: 60 | P10: =SUM(F10:O10) -> 60 | Q10: =IF(C10=$Q$8,P10,0) -> 60 | R10: =IF(C10=$R$8,P10,0) -> 0
A11: 45868 | B11: Esme Thompson | C11: Bank | O11: 10 | P11: =SUM(F11:O11) -> 10 | Q11: =IF(C11=$Q$8,P11+Q10,0+Q10) -> 70 | R11: =IF(C11=$R$8,P11+R10,0+R10) -> 0
A12: 45868 | B12: Esme Thompson | C12: Bank | F12: 60 | P12: =SUM(F12:O12) -> 60 | Q12: =IF(C12=$Q$8,P12+Q11,0+Q11) -> 130 | R12: =IF(C12=$R$8,P12+R11,0+R11) -> 0
A13: 45890 | B13: SUNNY THOMPSON | C13: Bank | O13: 1 | P13: =SUM(F13:O13) -> 1 | Q13: =IF(C13=$Q$8,P13+Q12,0+Q12) -> 131 | R13: =IF(C13=$R$8,P13+R12,0+R12) -> 0
A14: 45890 | B14: ROSIE MACTAVISH | C14: Bank | F14: 30 | P14: =SUM(F14:O14) -> 30 | Q14: =IF(C14=$Q$8,P14+Q13,0+Q13) -> 161 | R14: =IF(C14=$R$8,P14+R13,0+R13) -> 0
A15: 45890 | B15: CASSIE NETHERWAY | C15: Bank | F15: 60 | P15: =SUM(F15:O15) -> 60 | Q15: =IF(C15=$Q$8,P15+Q14,0+Q14) -> 221 | R15: =IF(C15=$R$8,P15+R14,0+R14) -> 0
A16: 45891 | B16: SUNNY THOMPSON | C16: Bank | F16: 30 | P16: =SUM(F16:O16) -> 30 | Q16: =IF(C16=$Q$8,P16+Q15,0+Q15) -> 251 | R16: =IF(C16=$R$8,P16+R15,0+R15) -> 0
A17: 45891 | B17: Tilly stalker | C17: Bank | F17: 60 | P17: =SUM(F17:O17) -> 60 | Q17: =IF(C17=$Q$8,P17+Q16,0+Q16) -> 311 | R17: =IF(C17=$R$8,P17+R16,0+R16) -> 0
A18: 45895 | B18: MAEVE TAYLOR | C18: Bank | F18: 30 | P18: =SUM(F18:O18) -> 30 | Q18: =IF(C18=$Q$8,P18+Q17,0+Q17) -> 341 | R18: =IF(C18=$R$8,P18+R17,0+R17) -> 0
A19: 45895 | B19: SOPHIA BARCLAY | C19: Bank | F19: 60 | P19: =SUM(F19:O19) -> 60 | Q19: =IF(C19=$Q$8,P19+Q18,0+Q18) -> 401 | R19: =IF(C19=$R$8,P19+R18,0+R18) -> 0
A20: 45895 | B20: BellaMiddleton | C20: Bank | F20: 60 | P20: =SUM(F20:O20) -> 60 | Q20: =IF(C20=$Q$8,P20+Q19,0+Q19) -> 461 | R20: =IF(C20=$R$8,P20+R19,0+R19) -> 0
A21: 45895 | B21: LUNA GRAHAM | C21: Bank | F21: 70 | P21: =SUM(F21:O21) -> 70 | Q21: =IF(C21=$Q$8,P21+Q20,0+Q20) -> 531 | R21: =IF(C21=$R$8,P21+R20,0+R20) -> 0
A22: 45897 | B22: Georgie Sim | C22: Bank | F22: 60 | P22: =SUM(F22:O22) -> 60 | Q22: =IF(C22=$Q$8,P22+Q21,0+Q21) -> 591 | R22: =IF(C22=$R$8,P22+R21,0+R21) -> 0
A23: 45898 | B23: Eloise Seator | C23: Bank | F23: 60 | P23: =SUM(F23:O23) -> 60 | Q23: =IF(C23=$Q$8,P23+Q22,0+Q22) -> 651 | R23: =IF(C23=$R$8,P23+R22,0+R22) -> 0
A24: 45901 | B24: ORLAGH MACDONALD | C24: Bank | F24: 30 | P24: =SUM(F24:O24) -> 30 | Q24: =IF(C24=$Q$8,P24+Q23,0+Q23) -> 681 | R24: =IF(C24=$R$8,P24+R23,0+R23) -> 0
A25: 45901 | B25: ELLIE REID | C25: Bank | F25: 30 | P25: =SUM(F25:O25) -> 30 | Q25: =IF(C25=$Q$8,P25+Q24,0+Q24) -> 711 | R25: =IF(C25=$R$8,P25+R24,0+R24) -> 0
... A27: 45901 | B27: ROSE CHESHIRE | C27: Bank | F27: 60 | P27: =SUM(F27:O27) -> 60 | Q27: =IF(C27=$Q$8,P27+Q26,0+Q26) -> 811 | R27: =IF(C27=$R$8,P27+R26,0+R26) -> 0
A28: 45901 | B28: Elsie Andrew | C28: Bank | F28: 60 | O28: 4 | P28: =SUM(F28:O28) -> 64 | Q28: =IF(C28=$Q$8,P28+Q27,0+Q27) -> 875 | R28: =IF(C28=$R$8,P28+R27,0+R27) -> 0
A29: 45902 | B29: Sienna kidd | C29: Bank | F29: 10 | P29: =SUM(F29:O29) -> 10 | Q29: =IF(C29=$Q$8,P29+Q28,0+Q28) -> 885 | R29: =IF(C29=$R$8,P29+R28,0+R28) -> 0
A30: 45902 | B30: BellaMiddleton | C30: Bank | L30: 15 | P30: =SUM(F30:O30) -> 15 | Q30: =IF(C30=$Q$8,P30+Q29,0+Q29) -> 900 | R30: =IF(C30=$R$8,P30+R29,0+R29) -> 0
A31: 45902 | B31: SIENNA KIDD | C31: Bank | F31: 30 | P31: =SUM(F31:O31) -> 30 | Q31: =IF(C31=$Q$8,P31+Q30,0+Q30) -> 930 | R31: =IF(C31=$R$8,P31+R30,0+R30) -> 0
A32: 45902 | B32: PAETYN WALKER | C32: Bank | F32: 30 | O32: 4 | P32: =SUM(F32:O32) -> 34 | Q32: =IF(C32=$Q$8,P32+Q31,0+Q31) -> 964 | R32: =IF(C32=$R$8,P32+R31,0+R31) -> 0
A33: 45902 | B33: Eloise Seator | C33: Bank | F33: 10 | P33: =SUM(F33:O33) -> 10 | Q33: =IF(C33=$Q$8,P33+Q32,0+Q32) -> 974 | R33: =IF(C33=$R$8,P33+R32,0+R32) -> 0
A34: 45903 | B34: ARISU | C34: Bank | F34: 30 | P34: =SUM(F34:O34) -> 30 | Q34: =IF(C34=$Q$8,P34+Q33,0+Q33) -> 1004 | R34: =IF(C34=$R$8,P34+R33,0+R33) -> 0
A35: 45905 | B35: ANNABELLE GLASS | C35: Bank | F35: 30 | P35: =SUM(F35:O35) -> 30 | Q35: =IF(C35=$Q$8,P35+Q34,0+Q34) -> 1034 | R35: =IF(C35=$R$8,P35+R34,0+R34) -> 0
A36: 45908 | B36: TILLY STALKER | C36: Bank | L36: 15 | P36: =SUM(F36:O36) -> 15 | Q36: =IF(C36=$Q$8,P36+Q35,0+Q35) -> 1049 | R36: =IF(C36=$R$8,P36+R35,0+R35) -> 0
A37: 45909 | B37: ORLAGH MACDONALD | C37: Bank | O37: 4 | P37: =SUM(F37:O37) -> 4 | Q37: =IF(C37=$Q$8,P37+Q36,0+Q36) -> 1053 | R37: =IF(C37=$R$8,P37+R36,0+R36) -> 0
A38: 45909 | B38: MAEVE TAYLOR | C38: Bank | L38: 15 | P38: =SUM(F38:O38) -> 15 | Q38: =IF(C38=$Q$8,P38+Q37,0+Q37) -> 1068 | R38: =IF(C38=$R$8,P38+R37,0+R37) -> 0
A39: 45909 | B39: SIENNA KIDD | C39: Bank | L39: 15 | P39: =SUM(F39:O39) -> 15 | Q39: =IF(C39=$Q$8,P39+Q38,0+Q38) -> 1083 | R39: =IF(C39=$R$8,P39+R38,0+R38) -> 0
A40: 45909 | B40: IslaW | C40: Bank | F40: 40 | P40: =SUM(F40:O40) -> 40 | Q40: =IF(C40=$Q$8,P40+Q39,0+Q39) -> 1123 | R40: =IF(C40=$R$8,P40+R39,0+R39) -> 0
A41: 45911 | B41: Hazel McAllister | C41: Bank | F41: 10 | L41: 15 | P41: =SUM(F41:O41) -> 25 | Q41: =IF(C41=$Q$8,P41+Q40,0+Q40) -> 1148 | R41: =IF(C41=$R$8,P41+R40,0+R40) -> 0
A42: 45912 | B42: Esme Thompson | C42: Bank | L42: 15 | P42: =SUM(F42:O42) -> 15 | Q42: =IF(C42=$Q$8,P42+Q41,0+Q41) -> 1163 | R42: =IF(C42=$R$8,P42+R41,0+R41) -> 0
A43: 45912 | B43: PAETYN WALKER | C43: Bank | F43: 30 | L43: 15 | P43: =SUM(F43:O43) -> 45 | Q43: =IF(C43=$Q$8,P43+Q42,0+Q42) -> 1208 | R43: =IF(C43=$R$8,P43+R42,0+R42) -> 0
A44: 45915 | B44: ROSE CHESHIRE | C44: Bank | F44: 10 | P44: =SUM(F44:O44) -> 10 | Q44: =IF(C44=$Q$8,P44+Q43,0+Q43) -> 1218 | R44: =IF(C44=$R$8,P44+R43,0+R43) -> 0
A45: 45915 | B45: ROSE CHESHIRE | C45: Bank | L45: 15 | P45: =SUM(F45:O45) -> 15 | Q45: =IF(C45=$Q$8,P45+Q44,0+Q44) -> 1233 | R45: =IF(C45=$R$8,P45+R44,0+R44) -> 0
A46: 45922 | B46: LUNA | C46: Bank | L46: 15 | P46: =SUM(F46:O46) -> 15 | Q46: =IF(C46=$Q$8,P46+Q45,0+Q45) -> 1248 | R46: =IF(C46=$R$8,P46+R45,0+R45) -> 0
A47: 45922 | B47: EloiseSeator | C47: Bank | L47: 15 | P47: =SUM(F47:O47) -> 15 | Q47: =IF(C47=$Q$8,P47+Q46,0+Q46) -> 1263 | R47: =IF(C47=$R$8,P47+R46,0+R46) -> 0
A48: 45959 | B48: ROSIE MACTAVISH | C48: Bank | F48: 30 | P48: =SUM(F48:O48) -> 30 | Q48: =IF(C48=$Q$8,P48+Q47,0+Q47) -> 1293 | R48: =IF(C48=$R$8,P48+R47,0+R47) -> 0
A49: 45959 | B49: MAEVE TAYLOR | C49: Bank | F49: 30 | P49: =SUM(F49:O49) -> 30 | Q49: =IF(C49=$Q$8,P49+Q48,0+Q48) -> 1323 | R49: =IF(C49=$R$8,P49+R48,0+R48) -> 0
A50: 45959 | B50: SIENNA KIDD | C50: Bank | F50: 30 | P50: =SUM(F50:O50) -> 30 | Q50: =IF(C50=$Q$8,P50+Q49,0+Q49) -> 1353 | R50: =IF(C50=$R$8,P50+R49,0+R49) -> 0
A51: 45964 | B51: Hope McMichan | C51: Bank | F51: 10 | P51: =SUM(F51:O51) -> 10 | Q51: =IF(C51=$Q$8,P51+Q50,0+Q50) -> 1363 | R51: =IF(C51=$R$8,P51+R50,0+R50) -> 0
A52: 45964 | B52: LUNA GRAHAM | C52: Bank | L52: 15 | P52: =SUM(F52:O52) -> 15 | Q52: =IF(C52=$Q$8,P52+Q51,0+Q51) -> 1378 | R52: =IF(C52=$R$8,P52+R51,0+R51) -> 0
A53: 45964 | B53: KATIE MACKLAND | C53: Bank | F53: 30 | P53: =SUM(F53:O53) -> 30 | Q53: =IF(C53=$Q$8,P53+Q52,0+Q52) -> 1408 | R53: =IF(C53=$R$8,P53+R52,0+R52) -> 0
A54: 45964 | B54: ORLAGH MACDONALD | C54: Bank | F54: 30 | L54: 15 | P54: =SUM(F54:O54) -> 45 | Q54: =IF(C54=$Q$8,P54+Q53,0+Q53) -> 1453 | R54: =IF(C54=$R$8,P54+R53,0+R53) -> 0
A55: 45965 | B55: ARISU | C55: Bank | L55: 15 | P55: =SUM(F55:O55) -> 15 | Q55: =IF(C55=$Q$8,P55+Q54,0+Q54) -> 1468 | R55: =IF(C55=$R$8,P55+R54,0+R54) -> 0
A56: 45965 | B56: ARISU | C56: Bank | F56: 30 | P56: =SUM(F56:O56) -> 30 | Q56: =IF(C56=$Q$8,P56+Q55,0+Q55) -> 1498 | R56: =IF(C56=$R$8,P56+R55,0+R55) -> 0
A57: 45966 | B57: ARIA PERFECT | C57: Bank | F57: 40 | P57: =SUM(F57:O57) -> 40 | Q57: =IF(C57=$Q$8,P57+Q56,0+Q56) -> 1538 | R57: =IF(C57=$R$8,P57+R56,0+R56) -> 0
A58: 45967 | B58: ESME | C58: Bank | L58: 15 | P58: =SUM(F58:O58) -> 15 | Q58: =IF(C58=$Q$8,P58+Q57,0+Q57) -> 1553 | R58: =IF(C58=$R$8,P58+R57,0+R57) -> 0
A59: 45967 | B59: ARIA | C59: Bank | L59: 15 | P59: =SUM(F59:O59) -> 15 | Q59: =IF(C59=$Q$8,P59+Q58,0+Q58) -> 1568 | R59: =IF(C59=$R$8,P59+R58,0+R58) -> 0
A60: 45967 | B60: ROSE CHESHIRE | C60: Bank | L60: 15 | P60: =SUM(F60:O60) -> 15 | Q60: =IF(C60=$Q$8,P60+Q59,0+Q59) -> 1583 | R60: =IF(C60=$R$8,P60+R59,0+R59) -> 0
A61: 45967 | B61: MAISIE HADDEN | C61: Bank | F61: 60 | P61: =SUM(F61:O61) -> 60 | Q61: =IF(C61=$Q$8,P61+Q60,0+Q60) -> 1643 | R61: =IF(C61=$R$8,P61+R60,0+R60) -> 0
A62: 45968 | B62: HOPE M | C62: Bank | L62: 15 | P62: =SUM(F62:O62) -> 15 | Q62: =IF(C62=$Q$8,P62+Q61,0+Q61) -> 1658 | R62: =IF(C62=$R$8,P62+R61,0+R61) -> 0
A63: 45968 | B63: Georgie Sim | C63: Bank | L63: 15 | P63: =SUM(F63:O63) -> 15 | Q63: =IF(C63=$Q$8,P63+Q62,0+Q62) -> 1673 | R63: =IF(C63=$R$8,P63+R62,0+R62) -> 0
A64: 45968 | B64: CASSIE | C64: Bank | L64: 15 | P64: =SUM(F64:O64) -> 15 | Q64: =IF(C64=$Q$8,P64+Q63,0+Q63) -> 1688 | R64: =IF(C64=$R$8,P64+R63,0+R63) -> 0
A65: 45968 | B65: HOPE M | C65: Bank | F65: 30 | P65: =SUM(F65:O65) -> 30 | Q65: =IF(C65=$Q$8,P65+Q64,0+Q64) -> 1718 | R65: =IF(C65=$R$8,P65+R64,0+R64) -> 0
A66: 45971 | B66: MAEVE TAYLOR | C66: Bank | L66: 15 | P66: =SUM(F66:O66) -> 15 | Q66: =IF(C66=$Q$8,P66+Q65,0+Q65) -> 1733 | R66: =IF(C66=$R$8,P66+R65,0+R65) -> 0
A67: 45972 | B67: Hazel Mcallister | C67: Bank | I67: 10 | P67: =SUM(F67:O67) -> 10 | Q67: =IF(C67=$Q$8,P67+Q66,0+Q66) -> 1743 | R67: =IF(C67=$R$8,P67+R66,0+R66) -> 0
A68: 45974 | B68: KATIE MACKLAND | C68: Bank | F68: 30 | P68: =SUM(F68:O68) -> 30 | Q68: =IF(C68=$Q$8,P68+Q67,0+Q67) -> 1773 | R68: =IF(C68=$R$8,P68+R67,0+R67) -> 0
A69: 45985 | B69: ORLAGH MACDONALD | C69: Bank | L69: 15 | P69: =SUM(F69:O69) -> 15 | Q69: =IF(C69=$Q$8,P69+Q68,0+Q68) -> 1788 | R69: =IF(C69=$R$8,P69+R68,0+R68) -> 0
A70: 45985 | B70: Ginny Vallot-Clark | C70: Bank | F70: 40 | L70: 15 | P70: =SUM(F70:O70) -> 55 | Q70: =IF(C70=$Q$8,P70+Q69,0+Q69) -> 1843 | R70: =IF(C70=$R$8,P70+R69,0+R69) -> 0
A71: 45986 | B71: Elsie | C71: Bank | L71: 30 | P71: =SUM(F71:O71) -> 30 | Q71: =IF(C71=$Q$8,P71+Q70,0+Q70) -> 1873 | R71: =IF(C71=$R$8,P71+R70,0+R70) -> 0
A72: 45989 | B72: ARISU | C72: Bank | L72: 15 | P72: =SUM(F72:O72) -> 15 | Q72: =IF(C72=$Q$8,P72+Q71,0+Q71) -> 1888 | R72: =IF(C72=$R$8,P72+R71,0+R71) -> 0
A73: 46002 | B73: Isla | C73: Bank | F73: 30 | L73: 30 | P73: =SUM(F73:O73) -> 60 | Q73: =IF(C73=$Q$8,P73+Q72,0+Q72) -> 1948 | R73: =IF(C73=$R$8,P73+R72,0+R72) -> 0
A74: 46044 | B74: Freya Anderson | C74: Bank | F74: 40 | P74: =SUM(F74:O74) -> 40 | Q74: =IF(C74=$Q$8,P74+Q73,0+Q73) -> 1988 | R74: =IF(C74=$R$8,P74+R73,0+R73) -> 0
A75: 46048 | B75: FREYA ANDERSON | C75: Bank | F75: 7.5 | P75: =SUM(F75:O75) -> 7.5 | Q75: =IF(C75=$Q$8,P75+Q74,0+Q74) -> 1995.5 | R75: =IF(C75=$R$8,P75+R74,0+R74) -> 0
A76: 46048 | B76: MAISIE HADDEN | C76: Bank | F76: 37.5 | P76: =SUM(F76:O76) -> 37.5 | Q76: =IF(C76=$Q$8,P76+Q75,0+Q75) -> 2033 | R76: =IF(C76=$R$8,P76+R75,0+R75) -> 0
A77: 46048 | B77: ROSIE MACTAVISH | C77: Bank | F77: 37.5 | P77: =SUM(F77:O77) -> 37.5 | Q77: =IF(C77=$Q$8,P77+Q76,0+Q76) -> 2070.5 | R77: =IF(C77=$R$8,P77+R76,0+R76) -> 0
A78: 46048 | B78: AELA WILSON | C78: Bank | F78: 75 | P78: =SUM(F78:O78) -> 75 | Q78: =IF(C78=$Q$8,P78+Q77,0+Q77) -> 2145.5 | R78: =IF(C78=$R$8,P78+R77,0+R77) -> 0
A79: 46048 | B79: ARIA PERFECT | C79: Bank | F79: 75 | P79: =SUM(F79:O79) -> 75 | Q79: =IF(C79=$Q$8,P79+Q78,0+Q78) -> 2220.5 | R79: =IF(C79=$R$8,P79+R78,0+R78) -> 0
A80: 46048 | B80: ESME | C80: Bank | F80: 75 | P80: =SUM(F80:O80) -> 75 | Q80: =IF(C80=$Q$8,P80+Q79,0+Q79) -> 2295.5 | R80: =IF(C80=$R$8,P80+R79,0+R79) -> 0
A81: 46048 | B81: SOPHIA BARCLAY | C81: Bank | F81: 75 | P81: =SUM(F81:O81) -> 75 | Q81: =IF(C81=$Q$8,P81+Q80,0+Q80) -> 2370.5 | R81: =IF(C81=$R$8,P81+R80,0+R80) -> 0
A82: 46048 | B82: CASSIE | C82: Bank | F82: 75 | P82: =SUM(F82:O82) -> 75 | Q82: =IF(C82=$Q$8,P82+Q81,0+Q81) -> 2445.5 | R82: =IF(C82=$R$8,P82+R81,0+R81) -> 0
A83: 46049 | B83: hazel Mcallister | C83: Bank | F83: 37.5 | P83: =SUM(F83:O83) -> 37.5 | Q83: =IF(C83=$Q$8,P83+Q82,0+Q82) -> 2483 | R83: =IF(C83=$R$8,P83+R82,0+R82) -> 0
A84: 46049 | B84: IslaW | C84: Bank | F84: 40 | P84: =SUM(F84:O84) -> 40 | Q84: =IF(C84=$Q$8,P84+Q83,0+Q83) -> 2523 | R84: =IF(C84=$R$8,P84+R83,0+R83) -> 0
A85: 46049 | B85: LUNA GRAHAM | C85: Bank | F85: 75 | P85: =SUM(F85:O85) -> 75 | Q85: =IF(C85=$Q$8,P85+Q84,0+Q84) -> 2598 | R85: =IF(C85=$R$8,P85+R84,0+R84) -> 0
... A100: 46136 | B100: Emelda Macdonald | C100: Bank | F100: 37.5 | P100: =SUM(F100:O100) -> 37.5 | Q100: =IF(C100=$Q$8,P100+Q99,0+Q99) -> 3460.5 | R100: =IF(C100=$R$8,P100+R99,0+R99) -> 0
A101: 46140 | B101: HOPE M | C101: Bank | L101: 5 | P101: =SUM(F101:O101) -> 5 | Q101: =IF(C101=$Q$8,P101+Q100,0+Q100) -> 3465.5 | R101: =IF(C101=$R$8,P101+R100,0+R100) -> 0
A102: 46140 | B102: CASSIE | C102: Bank | L102: 5 | P102: =SUM(F102:O102) -> 5 | Q102: =IF(C102=$Q$8,P102+Q101,0+Q101) -> 3470.5 | R102: =IF(C102=$R$8,P102+R101,0+R101) -> 0
A103: 46141 | B103: ARIA PERFECT | C103: Bank | L103: 5 | P103: =SUM(F103:O103) -> 5 | Q103: =IF(C103=$Q$8,P103+Q102,0+Q102) -> 3475.5 | R103: =IF(C103=$R$8,P103+R102,0+R102) -> 0
A104: 46143 | B104: Stephanie Pajor | C104: Bank | F104: 47.5 | P104: =SUM(F104:O104) -> 47.5 | Q104: =IF(C104=$Q$8,P104+Q103,0+Q103) -> 3523 | R104: =IF(C104=$R$8,P104+R103,0+R103) -> 0
A105: 46148 | B105: FREYA ANDERSON | C105: Bank | L105: 5 | P105: =SUM(F105:O105) -> 5 | Q105: =IF(C105=$Q$8,P105+Q104,0+Q104) -> 3528 | R105: =IF(C105=$R$8,P105+R104,0+R104) -> 0
A106: 46148 | B106: FREYA ANDERSON | C106: Bank | F106: 37.5 | P106: =SUM(F106:O106) -> 37.5 | Q106: =IF(C106=$Q$8,P106+Q105,0+Q105) -> 3565.5 | R106: =IF(C106=$R$8,P106+R105,0+R105) -> 0
A107: 46150 | B107: AELA WILSON | C107: Bank | L107: 5 | P107: =SUM(F107:O107) -> 5 | Q107: =IF(C107=$Q$8,P107+Q106,0+Q106) -> 3570.5 | R107: =IF(C107=$R$8,P107+R106,0+R106) -> 0
A108: 46150 | B108: Georgie Sim | C108: Bank | L108: 5 | P108: =SUM(F108:O108) -> 5 | Q108: =IF(C108=$Q$8,P108+Q107,0+Q107) -> 3575.5 | R108: =IF(C108=$R$8,P108+R107,0+R107) -> 0
A109: 46153 | B109: ESME | C109: Bank | L109: 5 | P109: =SUM(F109:O109) -> 5 | Q109: =IF(C109=$Q$8,P109+Q108,0+Q108) -> 3580.5 | R109: =IF(C109=$R$8,P109+R108,0+R108) -> 0
A110: 46153 | B110: Lily McKechnie | C110: Bank | F110: 47.5 | P110: =SUM(F110:O110) -> 47.5 | Q110: =IF(C110=$Q$8,P110+Q109,0+Q109) -> 3628 | R110: =IF(C110=$R$8,P110+R109,0+R109) -> 0
A111: 46153 | B111: Florrie G | C111: Bank | F111: 47.5 | P111: =SUM(F111:O111) -> 47.5 | Q111: =IF(C111=$Q$8,P111+Q110,0+Q110) -> 3675.5 | R111: =IF(C111=$R$8,P111+R110,0+R110) -> 0
A112: 46154 | B112: Steph Pajor | C112: Bank | L112: 5 | P112: =SUM(F112:O112) -> 5 | Q112: =IF(C112=$Q$8,P112+Q111,0+Q111) -> 3680.5 | R112: =IF(C112=$R$8,P112+R111,0+R111) -> 0
A113: 46154 | B113: TILLY STALKER | C113: Bank | L113: 5 | P113: =SUM(F113:O113) -> 5 | Q113: =IF(C113=$Q$8,P113+Q112,0+Q112) -> 3685.5 | R113: =IF(C113=$R$8,P113+R112,0+R112) -> 0
A114: 46155 | B114: MOLLY STEVEN | C114: Bank | L114: 5 | P114: =SUM(F114:O114) -> 5 | Q114: =IF(C114=$Q$8,P114+Q113,0+Q113) -> 3690.5 | R114: =IF(C114=$R$8,P114+R113,0+R113) -> 0
A115: 46156 | B115: Isla W | C115: Bank | L115: 5 | P115: =SUM(F115:O115) -> 5 | Q115: =IF(C115=$Q$8,P115+Q114,0+Q114) -> 3695.5 | R115: =IF(C115=$R$8,P115+R114,0+R114) -> 0
A116: 46160 | B116: SIENNA KIDD | C116: Bank | L116: 5 | P116: =SUM(F116:O116) -> 5 | Q116: =IF(C116=$Q$8,P116+Q115,0+Q115) -> 3700.5 | R116: =IF(C116=$R$8,P116+R115,0+R115) -> 0
...

Sheet EXPENDITURE (Payments)
A1: EXPENDITURE (Payments)
P3: Bank | Q3: =SUMIF($C$9:$C$22,P3,$Q$9:$Q$22) -> 3128.32
A4: Unit: | B4: =IF('DATA INPUT'!C7>0,'DATA INPUT'!C7," ") -> 1st Kemnay Rainbows | P4: Cash | Q4: =SUMIF($C$9:$C$22,P4,$Q$9:$Q$22) -> 0
A5: Charity number: | B5: =IF('DATA INPUT'!C9>0,'DATA INPUT'!C9," ") -> SCO 34410 | K5: See instructions | Q5: =SUM(Q3:Q4) -> 3128.32
A6: Year end date: | B6: =IF('DATA INPUT'!C11>0,'DATA INPUT'!C11," ") -> 30.06.2026 | C6: This is drop down | R6: Running total
A7: Date | B7: Payee | C7: Bank / Cash | D7: Method | E7: Reference | F7: Unit fundraising | G7: 3rd Party Fundraising | H7: Subscriptions | I7: Meeting expenses | J7: Property costs / rent | K7: Trips | L7: Residential events | M7: Admin, stationery / postage | N7: Training | O7: Badges & resources | P7: Miscellaneous expenditure | Q7: TOTAL | R7: Bank | S7: Cash
F8: =SUM(F9:F22) -> 0 | G8: =SUM(G9:G22) -> 0 | H8: =SUM(H9:H22) -> 1620 | I8: =SUM(I9:I22) -> 0 | J8: =SUM(J9:J22) -> 266.22 | K8: =SUM(K9:K22) -> 621.5 | L8: =SUM(L9:L22) -> 0 | M8: =SUM(M9:M22) -> 0 | ... P8: =SUM(P9:P22) -> 19 | Q8: =SUM(F8:P8) -> 3128.32
A9: 45873 | B9: Pay Catriona Penman for badges | C9: Bank | E9: 1 Badges | O9: 182.75 | Q9: =SUM(F9:P9) -> 182.75 | R9: =IF(C9=$R$7,Q9,0) -> 182.75 | S9: =IF(C9=$S$7,Q9,0) -> 0
A10: 45922 | B10: Payment for Pantomime tickets | C10: Bank | E10: 2 Pantomine Payment | K10: 311.5 | Q10: =SUM(F10:P10) -> 311.5 | R10: =IF(C10=$R$7,Q10+R9,0+R9) -> 494.25 | S10: =IF(C10=$S$7,Q10+S9,0+S9) -> 0
A11: 45973 | B11: Payment to catriona for £10 raffle cash | C11: Bank | E11: 3 Raffle Cash | P11: 10 | Q11: =SUM(F11:P11) -> 10 | R11: =IF(C11=$R$7,Q11+R10,0+R10) -> 504.25 | S11: =IF(C11=$S$7,Q11+S10,0+S10) -> 0
A12: 45979 | B12: Pay Catriona Penman for badges | C12: Bank | E12: 4 Badges | O12: 185.35 | Q12: =SUM(F12:P12) -> 185.35 | R12: =IF(C12=$R$7,Q12+R11,0+R11) -> 689.6 | S12: =IF(C12=$S$7,Q12+S11,0+S11) -> 0
A13: 45986 | B13: Payment to District for Cinema Trip | C13: Bank | E13: 5 Cinema trip | K13: 210 | Q13: =SUM(F13:P13) -> 210 | R13: =IF(C13=$R$7,Q13+R12,0+R12) -> 899.6 | S13: =IF(C13=$S$7,Q13+S12,0+S12) -> 0
A14: 46084 | B14: Payment to Catriona for unit SUBS | C14: Bank | E14: 6 Unit Census/SUBS | H14: 1620 | Q14: =SUM(F14:P14) -> 1620 | R14: =IF(C14=$R$7,Q14+R13,0+R13) -> 2519.6 | S14: =IF(C14=$S$7,Q14+S13,0+S13) -> 0
A15: 46104 | B15: Pay Aberdeenshire Council Facility Hire | C15: Bank | E15: 7a&b Facility Hire | J15: 21.22 | Q15: =SUM(F15:P15) -> 21.22 | R15: =IF(C15=$R$7,Q15+R14,0+R14) -> 2540.82 | S15: =IF(C15=$S$7,Q15+S14,0+S14) -> 0
A16: 46105 | B16: Pay Gordon County Guides | C16: Bank | E16: 8 Gordon County Guid, 1stKemRainSilver | P16: 4 | Q16: =SUM(F16:P16) -> 4 | R16: =IF(C16=$R$7,Q16+R15,0+R15) -> 2544.82 | S16: =IF(C16=$S$7,Q16+S15,0+S15) -> 0
A17: 46111 | B17: Pay Aberdeenshire Council Facility Hire | C17: Bank | E17: 9 Facility Hire | J17: 245 | Q17: =SUM(F17:P17) -> 245 | R17: =IF(C17=$R$7,Q17+R16,0+R16) -> 2789.82 | S17: =IF(C17=$S$7,Q17+S16,0+S16) -> 0
A18: 46119 | B18: Play Laura McAlister Sewing Craft Supplies | C18: Bank | E18: 10 A&B Sewing Craft Supplies | O18: 28.1 | Q18: =SUM(F18:P18) -> 28.1 | R18: =IF(C18=$R$7,Q18+R17,0+R17) -> 2817.92 | S18: =IF(C18=$S$7,Q18+S17,0+S17) -> 0
A19: 46153 | B19: Pay Catriona Penman for badges | C19: Bank | E19: 11 Badges | O19: 71.75 | Q19: =SUM(F19:P19) -> 71.75 | R19: =IF(C19=$R$7,Q19+R18,0+R18) -> 2889.67 | S19: =IF(C19=$S$7,Q19+S18,0+S18) -> 0
A20: 46160 | B20: forwarded payment to brownies for friendhsip day | C20: Bank | E20: 12 Forwarded payment to brownies | P20: 5 | Q20: =SUM(F20:P20) -> 5 | R20: =IF(C20=$R$7,Q20+R19,0+R19) -> 2894.67 | S20: =IF(C20=$S$7,Q20+S19,0+S19) -> 0
A21: 46160 | B21: Payment to County for Friendship day | C21: Bank | E21: 13 County Friendship day | K21: 100 | Q21: =SUM(F21:P21) -> 100 | R21: =IF(C21=$R$7,Q21+R20,0+R20) -> 2994.67 | S21: =IF(C21=$S$7,Q21+S20,0+S20) -> 0
A22: 46190 | B22: Pay Catriona Penman for badges | C22: Bank | E22: 14 Badges | O22: 133.65 | Q22: =SUM(F22:P22) -> 133.65 | R22: =IF(C22=$R$7,Q22+R21,0+R21) -> 3128.32 | S22: =IF(C22=$S$7,Q22+S21,0+S21) -> 0
F23: =SUM(F9:F22) -> 0 | G23: =SUM(G9:G22) -> 0 | H23: =SUM(H9:H22) -> 1620 | J23: =SUM(J9:J22) -> 266.22 | K23: =SUM(K9:K22) -> 621.5 | L23: =SUM(L9:L22) -> 0 | M23: =SUM(M9:M22) -> 0 | N23: =SUM(N9:N22) -> 0 | O23: =SUM(O9:O22) -> 601.6 | P23: =SUM(P9:P22) -> 19 | Q23: =SUM(Q9:Q22) -> 3128.32

Sheet Paying into bank
A1: Paying in or withdrawing money from the bank | G1: FROM (£) | H1: TO (£)
F2: Bank | G2: =SUM(D15:D34) -> 0 | H2: =G3 -> 0
A3: Unit: | B3: =IF('DATA INPUT'!C7>0,'DATA INPUT'!C7," ") -> 1st Kemnay Rainbows | F3: Cash | G3: =SUM(H15:H34) -> 0 | H3: =G2 -> 0
A4: Charity number: | B4: =IF('DATA INPUT'!C9>0,'DATA INPUT'!C9," ") -> SCO 34410 | G4: =SUM(G2:G3) -> 0 | H4: =SUM(H2:H3) -> 0
A5: Year end date: | B5: =IF('DATA INPUT'!C11>0,'DATA INPUT'!C11," ") -> 30.06.2026
A7: This page to be used when either:
A8: Paying cash into the bank
A9: Withdrawing money from the bank to be spent out as cash
A11: Paying cash into the bank | F11: Withdrawing cash from the bank
A14: Date | B14: Pay-in slip reference | C14: Details | D14: Amount (£) | F14: Date | G14: Details | H14: Amount (£)
